 Dungeon Crawl Stone Soup version 0.18-a0-844-g9229740 (webtiles) character file.

205 JokEr the Ruffian (level 5, -5/51 HPs)
             Began as a Naga Monk on Dec 18, 2015.
             Killed by divine providence
             ... invoked by an orc priest
              (12 damage)
             ... on level 3 of the Dungeon.
             The game lasted 00:05:50 (4234 turns).

JokEr the Ruffian (Naga Monk)                       Turns: 4234, Time: 00:05:50

Health: -5/51      AC:  6    Str: 14    XL:     5   Next: 83%
Magic:  5/5        EV:  7    Int: 13    God:
Gold:   119        SH:  0    Dex: 13    Spells: 0 memorised, 4 levels left

rFire  + . .     SeeInvis +       - Unarmed
rCold  . . .     Gourm    .     k - +0 scale mail
rNeg   . . .     Faith    .     (no shield)
rPois  +         Spirit   .     (no helmet)
rElec  .         Dismiss  .     o - +1 cloak
rCorr  .         Reflect  .     (no gloves)
SustAt .         Harm     .     (no barding)
MR     .....                    (no amulet)
Stlth  +.........               i - +2 ring of intelligence
                                f - ring of protection from fire

@: lethally poisoned (-5 -> -23), very slow, not resistant to hostile
enchantments, very unstealthy
A: see invisible, deformed body, poison resistance, slowness 2, slow metabolism
1, spit poison 2, AC +1
a: Spit Poison


You were on level 3 of the Dungeon.
You were not hungry.

You visited 1 branch of the dungeon, and saw 3 of its levels.

You collected 119 gold pieces.

Inventory:

Armour
 k - a +0 scale mail (worn)
 o - a +1 cloak (worn)
Jewellery
 f - a ring of protection from fire (left hand)
 i - a +2 ring of intelligence (right hand)
Scrolls
 a - 2 scrolls of fear
 g - 2 scrolls of enchant armour
 m - a scroll of teleportation {unknown}
 n - a scroll of enchant weapon {unknown}
Potions
 e - a potion of agility {unknown}
 h - 2 potions of heal wounds {unknown}
 j - a potion of brilliance {unknown}
 l - 2 potions of curing {unknown}
Comestibles
 b - 4 bread rations
 c - 5 fruits
 d - 2 meat rations


   Skills:
 + Level 4.9 Fighting
 - Level 2.4 Dodging
 - Level 3.0 Stealth
 + Level 5.6 Unarmed Combat


You had 4 spell levels left.
You didn't know any spells.

Dungeon Overview and Level Annotations

Branches:
Dungeon (3/15)

Altars:
Elyvilon


Innate Abilities, Weirdness & Mutations

You cannot wear boots.
Your serpentine skin is tough (AC +1).
You have supernaturally acute eyesight.
Armour fits poorly on your strangely shaped body.
Your system is resistant to poisons.
You cover ground very slowly.
You have a slow metabolism.
You can spit poison.


Message History

You feel sick. The orc hits you but does no damage.
You are lethally poisoned!
You barely miss the orc priest.
The orc priest is moderately wounded.
* * * LOW HITPOINT WARNING * * *
You feel sick.
The orc priest hits you but does no damage.
The orc barely misses you.
You closely miss the orc priest.
The orc priest is moderately wounded.
* * * LOW HITPOINT WARNING * * *
You feel sick.
The orc hits you with a dagger of venom.
* * * LOW HITPOINT WARNING * * *
The orc priest barely misses you.
* * * LOW HITPOINT WARNING * * *
You feel sick. The orc closely misses you.
The orc priest mumbles some strange prayers to Beogh against you.
Something smites you!
You die...

#.#..##.......# #......# ##
#.#..##.......# #......+ ..
#.#...#...<...#######......# #.
#.#.#.#.................#..# #.
#...#.#......####.......#..# #.
#####.#.#'#'#.##........#..# #.
....#.#.#.#.#....o......#..# #.
###.#.#)#.#.####.o......#..#####.
..#†#.#.#'#.....@#...............
.##.#......################....##
..#.#...)...# +....+.
....'.......# #....##
..#.#.......# #....#
(.#.###.....# #....#
.#.........># ######
.#######....# #### ###########.#
....


You could see an orc priest and an orc (invisible).

Vanquished Creatures
  An orc priest (D:3)
  An orc wizard (D:3)
  A worker ant (D:3)
  3 adders
  3 oozes
  2 giant geckos
  6 orcs (D:3)
  2 ball pythons
  4 bats
  3 giant cockroaches
  14 hobgoblins
  A quokka (D:3)
  5 giant newts
  9 goblins
  12 jackals
  4 kobolds
  7 rats
78 creatures vanquished.

Notes
Turn   | Place    | Note
--------------------------------------------------------------
     0 | D:1      | JokEr the Naga Monk began the quest for the Orb.
     0 | D:1      | Reached XP level 1. HP: 21/21 MP: 1/1
   259 | D:1      | Reached XP level 2. HP: 21/28 MP: 2/2
  1137 | D:1      | Reached XP level 3. HP: 24/34 MP: 3/3
  2494 | D:2      | Reached XP level 4. HP: 40/44 MP: 4/4
  3036 | D:2      | Found a white marble altar of Elyvilon.
  3193 | D:3      | Reached skill level 5 in Unarmed Combat
  3364 | D:3      | Reached XP level 5. HP: 27/51 MP: 5/5
  4234 | D:3      | Killed from afar by an orc priest

Vault maps used:
D:1:      lightli_iron_boxes, st_stairs_14, corexii_hall_statues_l
D:2:      minmay_door_path, lemuel_round_altar, first_bread, minmay_fountain_box
D:3:      gup_sewer_entry_pipe, item_on_display_b

Action                   |  1- 3 |  4- 6 || total
-------------------------+-------+-------++-------
Melee: Unarmed           |   149 |   182 ||   331
  Use: Scroll            |     4 |     2 ||     6
 Stab: Sleeping          |     6 |     1 ||     7
  Eat: Chunk             |     2 |     6 ||     8
